 Dungeon Crawl Stone Soup version 0.31-a0-187-gba352fbbf7 (webtiles) character file.

Game seed: 11801929742694987963

183 qw the Skirmisher (level 5, -3/29 HPs)
             Began as a Deep Elf Hunter on June 22, 2023.
             Slain by a gnoll
             ... wielding a +0 flail
             ... led by a gnoll bouda
              (7 damage)
             ... on level 4 of the Dungeon.
             The game lasted 00:00:52 (2049 turns).

qw the Skirmisher (Deep Elf Hunter)                 Turns: 2049, Time: 00:00:53

Health: -3/29      AC:  9    Str: 10    XL:     5   Next: 35%
Magic:  7/7        EV: 11    Int: 14    God:
Gold:   156        SH:  0    Dex: 18    Spells: 4/4 levels left

rFire   . . .        Y - +0 shortbow (drain)
rCold   . . .        (shield currently unavailable)
rNeg    . . .        a - +3 ring mail of Gug Naw {rCorr}
rPois   .            (no helmet)
rElec   .            g - scarf {repulsion}
rCorr   +            (no gloves)
SInv    .            i - +0 pair of boots
Will    .....        o - amulet of the acrobat
Stlth   +            (no ring)
HPRegen 0.24/turn    (no ring)
MPRegen 0.10/turn

%: repel missiles, acrobat
@: about to teleport
A: no striking features
a: no special abilities


You were on level 4 of the Dungeon.
You visited 1 branch of the dungeon, and saw 4 of its levels.

You collected 156 gold pieces.


   Skills:
 - Level 1.5 Fighting
 + Level 8.9 Ranged Weapons
 - Level 2.4 Dodging
 - Level 1.2 Stealth


You had 4 spell levels left.
You didn't know any spells.
Your spell library was empty.

Inventory:

Hand Weapons
 Y - a +0 shortbow of draining (weapon)
Armour
 a - the +3 ring mail of Gug Naw (worn) {rCorr}
   (You found it on level 2 of the Dungeon)

   rCorr:     It protects you from acid and corrosion.
 g - a scarf of repulsion (worn)
 i - a +0 pair of boots (worn)
Jewellery
 o - an amulet of the acrobat (around neck)
Scrolls
 b - 2 scrolls of teleportation
 c - a scroll of noise {unknown}
 k - a scroll of identify
Potions
 f - 3 potions of resistance
 h - a potion of enlightenment {unknown}
 j - a potion of curing {unknown}
 m - a potion of invisibility {unknown}
 n - a potion of heal wounds

Dungeon Overview and Level Annotations

Branches:
Dungeon (4/15)
 Temple: D:4-7

Altars:


Message History

The gnoll bouda is heavily wounded.
The gnoll closely misses you. The gnoll bouda barely misses you.
The gnoll closely misses you.
You shoot an arrow.
The arrow barely misses the gnoll bouda.
The arrow hits the gnoll!
You drain the gnoll.
The gnoll is almost dead.
The gnoll bouda gazes fiercely through you!
You feel as though you will be weak longer.
The gnoll bouda closely misses you.
You shoot an arrow. The arrow hits the gnoll bouda.
The gnoll bouda is almost dead.
The gnoll hits you from afar with a +0 spear.
The gnoll bouda hits you with a +0 club.
You shoot an arrow.
The arrow hits the gnoll bouda but does no damage.
You drain the gnoll bouda.
You kill the gnoll bouda!
The gnoll closely misses you.
You shoot an arrow. The arrow hits the gnoll.
The gnoll is lightly wounded.
The gnoll barely misses you. The gnoll hits you with a +0 flail.
You shoot an arrow. The arrow closely misses the gnoll.
The gnoll completely misses you.
The gnoll hits you but does no damage. x2
You shoot an arrow. The arrow barely misses the gnoll.
Your attacks no longer feel as feeble.
The gnoll hits you but does no damage. The gnoll closely misses you.
You shoot an arrow. The arrow barely misses the gnoll.
The gnoll is no longer moving quickly.
The gnoll barely misses you. x2
You shoot an arrow. The arrow barely misses the gnoll.
The gnoll barely misses you.
The gnoll hits you from afar with a +0 spear.
You shoot an arrow. The arrow hits the gnoll.
You drain the gnoll.
The gnoll is heavily wounded.
The gnoll hits you with a +0 flail! The gnoll misses you.
2049 ||| READING 3 scrolls of teleportation.
As you read the scroll of teleportation, it crumbles to dust.
You feel strangely unstable.
The gnoll is no longer moving quickly.
The gnoll hits you with a +0 flail!
You die...

## ... .... .....
......##################
......g@..............>#
.....g####.###########.#
..... #.# #.# ...) #<#
#.# ### #.# #.# #.# #.#
#.# #.# #.# #.# #.# #.#
#.. #.# #.#


You could see 2 gnolls.

Vanquished Creatures
  A gnoll bouda (D:4)
  An orc wizard (D:3)
  A gnoll (D:4)
  5 adders (D:3)
  A shadow imp (D:4)
  An ufetubus (D:4)
  A worm (D:3)
  4 orcs (D:3)
  8 bats
  9 endoplasms
  3 giant cockroaches
  3 goblins
  6 hobgoblins
  3 kobolds (D:3)
  4 ball pythons
  3 frilled lizards
  5 rats
59 creatures vanquished.

Notes
Turn   | Place    | Note
-------+----------+-------------------------------------------
     0 | D:1      | qw the Deep Elf Hunter began the quest for the Orb.
     0 | D:1      | Reached XP level 1. HP: 12/12 MP: 3/3
     0 | D:1      | 0 ||| qw: Version: 0.3-a-9-g12657ce
     0 | D:1      | 0 ||| qw: Game counter: 2563
     0 | D:1      | 0 ||| qw: Always use a shield: true
     0 | D:1      | 0 ||| qw: God list: Okawaru
     0 | D:1      | 0 ||| qw: Allow faded altars: false
     0 | D:1      | 0 ||| qw: Do Orc after D:15 true
     0 | D:1      | 0 ||| qw: Do second Lair branch before Depths: true
     0 | D:1      | 0 ||| qw: Lair rune preference: random
     0 | D:1      | 0 ||| qw: Plans: Normal
     0 | D:1      | 0 ||| PLANNING D:1-11
   196 | D:1      | Reached skill level 6 in Ranged Weapons
   196 | D:1      | Reached XP level 2. HP: 16/16 MP: 4/4
   402 | D:1      | Found a faded altar of an unknown god.
   773 | D:1      | 773 ||| UPGRADING to +0 pair of boots.
   778 | D:1      | 778 ||| UPGRADING to +0 ring mail.
   788 | D:1      | 788 ||| DROPPING +0 leather armour.
   789 | D:1      | 789 ||| READING scroll labelled NIRIRE GIRRUMM.
   793 | D:1      | 793 ||| READING scroll labelled ZOCSETUCUSOO.
   794 | D:1      | 794 ||| DROPPING scroll of butterflies.
   878 | D:2      | Identified the +3 ring mail of Gug Naw {rCorr}
   987 | D:2      | Reached XP level 3. HP: 20/20 MP: 5/5
  1210 | D:2      | 1210 ||| UPGRADING to +3 ring mail of Gug Naw {rCorr}.
  1220 | D:2      | 1220 ||| UPGRADING to scarf of repulsion.
  1225 | D:2      | 1225 ||| DROPPING +0 ring mail.
  1226 | D:2      | 1226 ||| READING scroll labelled PAFOSHR ASAO.
  1227 | D:2      | 1227 ||| READING scroll labelled OSUNER QEUWOON.
  1228 | D:2      | 1228 ||| DRINKING 2 viscous purple potions.
  1229 | D:2      | 1229 ||| DRINKING 4 grey potions.
  1295 | D:3      | Reached skill level 7 in Ranged Weapons
  1317 | D:3      | HP: 5/20 [something (1)]
  1321 | D:3      | HP: 1/20 [something/magic dart (4)]
  1323 | D:3      | Reached XP level 4. HP: 2/25 MP: 6/6
  1331 | D:3      | 1331 ||| DRINKING potion of heal wounds.
  1522 | D:3      | Reached skill level 8 in Ranged Weapons
  1774 | D:3      | 1774 ||| UPGRADING to amulet of the acrobat.
  1779 | D:3      | 1779 ||| DROPPING +6 ring of intelligence.
  1780 | D:3      | 1780 ||| READING scroll labelled TOTSIJEASA.
  1781 | D:3      | 1781 ||| READING scroll labelled SAZAEG EDIESS.
  1782 | D:3      | 1782 ||| READING scroll labelled YCESKO VUNIASI.
  1883 | D:3      | 1883 ||| READING 2 scrolls of identify.
  1883 | D:3      | 1883 ||| IDENTIFYING blue potion
  1884 | D:3      | 1884 ||| DROPPING potion of attraction.
  1907 | D:4      | Reached XP level 5. HP: 15/29 MP: 7/7
  2048 | D:4      | HP: 3/29 [gnoll/+0 flail[a gnoll bouda] (7)]
  2049 | D:4      | 2049 ||| READING 3 scrolls of teleportation.
  2049 | D:4      | Slain by a gnoll

Levels and vault maps discovered:
D:1:      minmay_arrival_four_circles, layout_basic,
          ebering_ecumenical_altar_rust, minmay_misc_feat_plants
D:2:      layout_rooms
D:3:      minmay_door_path, layout_rooms, chequers_decorated_corner
D:4:      layout_basic

Skill      XL: |  1  2  3  4 |
---------------+-------------+-----
Ranged Weapons | 6 7 8 |  8.9
Fighting       | |  1.5
Dodging        | |  2.4
Stealth        | |  1.2

Action                     |  1- 3 |  4- 6 || total
---------------------------+-------+-------++-------
   Fire: Shortbow          |    88 |    66 ||   154
    Use: Scroll            |     4 |     5 ||     9
         Potion            |     2 |     1 ||     3
 Armour: Ring mail         |    16 |    14 ||    30
  Dodge: Dodged            |    12 |    28 ||    40

Table legend:
 A = Non-vault XP
 B = Vault XP
 C = Vault XP percentage of total XP
 D = Non-vault monster count
 E = Vault monster count
 F = Vault count percentage of total count
                 A         B        C        D         E       F
            +---------+---------+-------+---------+---------+-------
      Total |     231 |      31 |  11.8 |      54 |       5 |   8.5
            +---------+---------+-------+---------+---------+-------
        D:1 |      32 |       0 |   0.0 |      19 |       0 |   0.0
        D:2 |      16 |       0 |   0.0 |      10 |       0 |   0.0
        D:3 |     110 |      31 |  22.0 |      19 |       5 |  20.8
        D:4 |      73 |       0 |   0.0 |       6 |       0 |   0.0
            +---------+---------+-------+---------+---------+-------
